 Dungeon Crawl Stone Soup version 0.16.0-8-gd9ae3a8 (console) character file.

126 gw the Magician (level 4, -1/23 HPs)
             Began as a Spriggan Wizard on Mar 17, 2015.
             Was a Follower of Zin.
             Slain by a worm (6 damage)
             ... on level 3 of the Dungeon.
             The game lasted 00:02:52 (4304 turns).

gw the Magician (Spriggan Wizard)                   Turns: 4304, Time: 00:02:53

Health: -1/23      AC:  2    Str:  3    XL:     4   Next: 83%
Magic:  0/16       EV: 19    Int: 20    God:    Zin [*.....]
Gold:   108        SH:  0    Dex: 14    Spells: 2 memorised, 9 levels left

rFire  . . .     SeeInvis +     a - +0 dagger
rCold  . . .     Clarity  .     f - +0 robe
rNeg   . . .     SustAb   .     (shield restricted)
rPois  .         Gourm    .     j - +0 hat
rElec  .         Spirit   .     (no cloak)
rCorr  .         Warding  .     (gloves unavailable)
rMut   .         Stasis   .     (boots unavailable)
MR     .....                    h - amulet of rage
Stlth  ++........               (no ring)
                                (no ring)

@: very slightly contaminated, very quick, not resistant to hostile
enchantments, unstealthy
A: unfitting armour, see invisible, herbivore 3, speed 3, slow metabolism 2
a: Recite, Renounce Religion, Evoke Berserk Rage


You were on level 3 of the Dungeon.
You worshipped Zin.
Zin was aware of your devotion.
You were hungry.

You visited 1 branch of the dungeon, and saw 3 of its levels.

You collected 119 gold pieces.
You donated 11 gold pieces to Zin.

Inventory:

Hand weapons
 a - a +0 dagger (weapon)
 b - a +0 hunting sling of evasion
Missiles
 i - 129 stones (quivered)
Armour
 f - a +0 robe (worn)
 j - a +0 hat (worn)
Jewellery
 h - an amulet of rage (around neck)
Magical devices
 o - a wand of draining (4) {forbidden}
Scrolls
 k - a scroll of identify
 l - a scroll of blinking {unknown}
 p - a scroll of random uselessness {unknown}
Potions
 e - a potion of agility
 m - a potion of restore abilities
 n - a potion of might {unknown}
Books
 c - a book of Minor Magic

   Spells                             Type                      Level
   a - Magic Dart                     Conjuration                  1
   b - Blink                          Translocation                2
   c - Call Imp                       Summoning                    2
   d - Repel Missiles                 Charms/Air                   2
   e - Slow                           Hexes                        2
   f - Conjure Flame                  Conjuration/Fire             3
   g - Mephitic Cloud                 Conjuration/Poison/Air       3
Comestibles
 d - 4 bread rations
 g - 4 fruits


   Skills:
 + Level 1.7 Fighting
 + Level 1.0 Short Blades
 + Level 4.4 Dodging
 - Level 3.0 Stealth
 + Level 4.7 Spellcasting
 - Level 0.6 Conjurations
   Level 0.7 Summonings
 * Level 3.4 Translocations


You had 9 spell levels left.
You knew the following spells:

 Your Spells              Type           Power        Failure   Level  Hunger
a - Magic Dart            Conj           #...         12%         1    None
b - Blink                 Tloc           N/A          4%          2    #......


Dungeon Overview and Level Annotations

Branches:
Dungeon (3/15)

Altars:
Fedhas
Qazlal
Zin


Innate Abilities, Weirdness & Mutations

You are tiny and cannot use many weapons and most armour.
You have supernaturally acute eyesight.
You are a herbivore.
You cover ground extremely quickly.
You need consume almost no food.


Message History

Unknown command.
Unknown command.
Unknown command.
Unknown command.
Unknown command.
You hit the kobold!
You kill the kobold!
Unknown command.
Unknown command.
Unknown command.
Unknown command.
Casting: Magic Dart
Confirm with . or Enter, or press ? or * to list all spells.
Aiming: Magic Dart
Press: ? - help, Shift-Dir - straight line, f - worm
Aim: a worm (severely wounded)
The magic dart hits the worm.
The worm is severely wounded.
The worm bites you.
You die...

#.# #...)..##..... #>#
#.........#.#. #.#
#####......##.#. #.#
#.......##.##.##
####.####.###.#.##.##.##
#.......#.##....##.##...
#.##.##.#.##..#....)....
# #..).........##.#####
####i#####......#
#.....w.# ########
######### # # # # # # #


You could see a worm.

Table legend:
 A = Turns spent in this place as a percentage of turns spent in the entire game.
 B = Non-inter-level travel turns spent in this place as a percentage of non-inter-level travel turns spent in the entire game.
 C = Inter-level travel turns spent in this place as a percentage of turns spent in this place.
 D = Turns resting spent in this place as a percentage of non-inter-level travel turns spent in this place.
 E = Turns spent auto-exploring this place as a percentage of non-inter-level travel turns spent in this place.
 F = Non-inter-level travel turns spent in this place divided by the number of levels of this place that you've seen.
                   A       B       C       D       E      F
               +-------+-------+-------+-------+-------+----------------------
         Total | 100.0 | 100.0 |   0.0 |   3.6 |   2.8 | 1582.7
       Dungeon | 100.0 | 100.0 |   0.0 |   3.6 |   2.8 | 1582.7
               +-------+-------+-------+-------+-------+----------------------

Table legend:
 A = Kills in this place as a percentage of kills in entire the game.
 B = Kills by you in this place as a percentage of kills by you in the entire game.
 C = Kills by friends in this place as a percentage of kills by friends in the entire game.
 D = Other kills in this place as a percentage of other kills in the entire game.
 E = Experience gained in this place as a percentage of experience gained in the entire game.
 F = Experience gained in this place divided by the number of levels of this place that you have seen.
                   A       B       C       D       E      F
               +-------+-------+-------+-------+-------+----------------------
         Total | 100.0 | 100.0 |  -nan |  -nan | 100.0 |  60.0
       Dungeon | 100.0 | 100.0 |  -nan |  -nan | 100.0 |  60.0
               +-------+-------+-------+-------+-------+----------------------

Vanquished Creatures
  3 adders
  A giant mite (D:3)
  2 worms (D:2)
  4 giant geckos
  3 oozes
  3 orcs (D:2)
  A giant cockroach (D:3)
  9 goblins
  9 hobgoblins
  13 kobolds
  A ball python (D:2)
  9 bats
  4 giant newts
  14 rats
76 creatures vanquished.

Notes
Turn   | Place    | Note
--------------------------------------------------------------
     0 | D:1      | gw, the Spriggan Wizard, began the quest for the Orb.
     0 | D:1      | Reached XP level 1. HP: 9/9 MP: 6/6
   411 | D:1      | Reached XP level 2. HP: 14/14 MP: 0/9
   491 | D:1      | Learned a level 2 spell: Blink
  1162 | D:1      | Reached skill level 1 in Fighting
  1391 | D:1      | Reached XP level 3. HP: 18/18 MP: 10/12
  2269 | D:2      | Found a stormy altar of Qazlal.
  2269 | D:2      | Found a blossoming altar of Fedhas.
  2375 | D:2      | Reached XP level 4. HP: 11/22 MP: 0/15
  3004 | D:2      | Found a glowing silver altar of Zin.
  3008 | D:2      | Became a worshipper of Zin the Law-Giver
  3345 | D:3      | Acquired Zin's first power
  3858 | D:3      | Reached skill level 1 in Short Blades
  4304 | D:3      | Slain by a worm

Action                   |  1- 3 |  4- 6 || total
-------------------------+-------+-------++-------
Melee: Club              |     5 |       ||     5
       Dagger            |     9 |     1 ||    10
 Fire: Hunting sling     |     1 |       ||     1
 Cast: Magic Dart        |   135 |   127 ||   262
  Use: Potion            |     4 |     1 ||     5
       Scroll            |     1 |     1 ||     2

Vault maps used:
D:1:      minmay_arrival_four_circles, minmay_cupped
D:2:      grunt_temple_overflow_forces_of_nature, zin_scriptorium
